 Dungeon Crawl Stone Soup version 0.23.0 (webtiles) character file.

Game seed: 8893665537857412852

21 Infinimo the Cudgeler (level 2, -1/18 HPs)
             Began as a Gargoyle Gladiator on Feb 16, 2019.
             Slain by a rat (2 damage)
             ... on level 1 of the Dungeon.
             The game lasted 00:01:07 (769 turns).

Infinimo the Cudgeler (Gargoyle Gladiator)           Turns: 769, Time: 00:01:08

Health: -1/18      AC:  6    Str: 17    XL:     2   Next: 83%
Magic:  2/2        EV: 12    Int:  8    God:
Gold:   47         SH:  0    Dex: 11    Spells: 1/1 levels left

rFire    . . .     SeeInvis .   a - +0 flail
rCold    . . .     Gourm    .   (no shield)
rNeg     + . .     Faith    .   b - +0 leather armour
rPois    ∞         Spirit   .   c - +0 helmet
rElec    +         Reflect  .   (no cloak)
rCorr    .         Harm     .   (no gloves)
MR       .....                  (no boots)
Stlth    +.........             (no amulet)
HPRegen  0.06/turn              (no ring)
MPRegen  0.08/turn              (no ring)

@: no status effects
A: negative energy resistance 1, electricity resistance, unbreathing,
petrification resistance, rot immunity, AC +2
a: no special abilities


You were on level 1 of the Dungeon.
You were not hungry.

You visited 1 branch of the dungeon, and saw 2 of its levels.

You collected 47 gold pieces.

Inventory:

Hand Weapons
 a - a +0 flail (weapon)
Missiles
 d - 3 throwing nets (quivered)
Armour
 b - a +0 leather armour (worn)
 c - a +0 helmet (worn)
Scrolls
 j - a scroll of random uselessness {unknown}
 l - a scroll of identify {unknown}
 m - a scroll of magic mapping {unknown}
Potions
 g - a potion of mutation {unknown}
 i - a potion of curing {unknown}
 k - a potion of haste {unknown}
Comestibles
 f - 2 rations


   Skills:
 + Level 2.6 Fighting
 * Level 3.5 Maces & Flails
 - Level 1.7 Throwing
 + Level 2.6 Dodging


You had one spell level left.
You didn't know any spells.
Your spell library was empty.

Dungeon Overview and Level Annotations

Branches:
Dungeon (2/15)

Altars:

Annotations:
D:1 Natasha


Innate Abilities, Weirdness & Mutations

You are resistant to torment.
Your stone body is resilient. (AC +2)
You are immune to poison.
You resist negative energy. (rN+)
You are resistant to electric shocks. (rElec)
You can survive without breathing.
You are immune to petrification.
You are immune to rotting.


Message History

There is a stone staircase leading up here.
There are monsters nearby!
A leopard gecko comes into view.
The frilled lizard hisses angrily.
The leopard gecko hisses angrily.
Natasha claws you.
You climb upwards.
There is a stone staircase leading down here.
Your leather armour prevents you from hitting Natasha.
Natasha claws you. The rat bites you.
You sock Natasha!
Natasha is heavily wounded.
Natasha zaps a wand.
The puff of flame hits you.
Natasha zaps a wand.
The puff of flame hits you!
* * * LOW HITPOINT WARNING * * *
Natasha howls an incantation.
You feel disoriented.
As you read the scroll labeled AMEATHRAMUD, it crumbles to dust.
You feel blessed for a moment.
It was a scroll of remove curse.
The rat bites you.
You die...

##.##.##....# #.....#........
##.##.###...# #.#######..#.##
##.##.# #...# #.####.....#.##
#.##.# #...#######......#..##.##
#.##.####..........####....##.##
#.##.##.#.#####.#### ####.##.##
#......#......#.# #.##.##
#..#.##.#####.#.# #.##.#
#.[#.##.## #.#@##########.##.#
##..#.#...# #.#r##.........##.#
......(.#.####.#h##.##########.#
..#.#..........>.##.# #.#
....##..)..........####### #.#
###.##..######.#####.....###
#.## ###.##..#
#.###..##'##..###... ....##..#
#.##.###...###.#####
###.##..######.#.## #...# ##.#


You could see Natasha and a rat.

Vanquished Creatures
  A dart slug (D:1)
  A giant cockroach (D:1)
  2 goblins (D:1)
  5 hobgoblins (D:1)
  A bat (D:1)
  3 kobolds (D:1)
  4 rats (D:1)
17 creatures vanquished.

Notes
Turn   | Place    | Note
-------+----------+-------------------------------------------
     0 | D:1      | Infinimo the Gargoyle Gladiator began the quest for the
                  | Orb.
     0 | D:1      | Reached XP level 1. HP: 12/12 MP: 1/1
   265 | D:1      | Reached XP level 2. HP: 18/18 MP: 2/2
   760 | D:2      | Noticed Natasha
   769 | D:1      | Slain by a rat

Action                   || total
-------------------------++-------
Melee: Flail             ||    45
  Use: Scroll            ||     1
Armor: Leather armour    ||    16
Dodge: Dodged            ||    23
